 Dungeon Crawl Stone Soup version 0.17.1-1-g73c8601 (webtiles) character file.

4088 Genom09 the Transmogrifier (level 10, -5/73 (74) HPs)
             Began as a Merfolk Transmuter on Dec 11, 2015.
             Was a Priest of Dithmenos.
             Killed by divine providence
             ... invoked by an orc priest
              (12 damage)
             ... on level 9 of the Dungeon.
             The game lasted 01:27:36 (7188 turns).

Genom09 the Transmogrifier (Merfolk Transmuter)     Turns: 7188, Time: 01:27:36

HP:   -5/73 (74)    AC:  2    Str: 14    XL:     10   Next: 26%
MP:   14/18         EV: 29    Int: 16    God:    Dithmenos [***...]
Gold: 447           SH:  0    Dex: 20    Spells: 4 memorised, 8 levels left

rFire  . . .     SeeInvis .       - Unarmed
rCold  . . .     Clarity  .     (armour currently unavailable)
rNeg   . . .     SustAt   .     (shield currently unavailable)
rPois  x         Gourm    .     (helmet currently unavailable)
rElec  .         Spirit   .     (cloak currently unavailable)
rCorr  .         Warding  .     (gloves currently unavailable)
rMut   .         Stasis   .     (boots currently unavailable)
MR     .....                    (no amulet)
Stlth  ++++......               D - +4 ring of intelligence
                                (no ring)

@: spider-form, wreathed by umbra, not resistant to hostile enchantments,
stealthy
A: (change form in water), (swift swim)
a: End Transformation, Shadow Step, Renounce Religion


You were on level 9 of the Dungeon.
You worshipped Dithmenos.
Dithmenos was most pleased with you.
You were hungry.
You were a venomous arachnid creature.
You visited 2 branches of the dungeon, and saw 10 of its levels.

You collected 612 gold pieces.
You spent 165 gold pieces at shops.

Inventory:

Missiles
 a - 117 arrows
Armour
 f - a +2 cloak (melded)
 o - a +1 helmet (melded)
 C - a +0 pair of gloves (melded)
 E - a +1 pair of boots (melded)
 J - a +2 robe (melded)
 L - a steam dragon hide
Jewellery
 r - an uncursed ring of fire
 u - a +4 ring of slaying
 v - an uncursed ring of magical power
 D - a +4 ring of intelligence (right front leg)
 P - an uncursed ring of fire
Wands
 y - a wand of draining (0)
 G - a wand of teleportation (6)
 K - a wand of lightning (9)
 N - a wand of slowing (23)
 O - a wand of digging (14)
 S - a wand of slowing (13)
Scrolls
 b - a scroll of enchant armour {unknown}
 i - 3 scrolls of random uselessness {unknown}
 l - 2 scrolls of remove curse {unknown}
 m - 2 scrolls of amnesia
 n - a scroll of noise {unknown}
 t - a scroll of magic mapping {unknown}
 w - a scroll of blinking {unknown}
 x - 2 scrolls of teleportation {unknown}
 A - a scroll of fear {unknown}
 H - 3 scrolls of recharging
 T - a scroll of enchant weapon
Potions
 e - 2 potions of brilliance
 g - a potion of beneficial mutation
 h - a potion of cure mutation
 j - 5 potions of curing
 k - a potion of heal wounds
 q - a potion of mutation {unknown}
 s - 2 potions of flight {unknown}
 z - a potion of berserk rage {unknown}
 I - a potion of ambrosia
Books
 c - a book of Changes

   Spells                             Type                      Level
   a - Beastly Appendage              Transmutation                1
   b - Sticks to Snakes               Transmutation                2
   c - Spider Form                    Transmutation/Poison         3
   d - Ice Form                       Ice/Transmutation            4
   e - Blade Hands                    Transmutation                5
Comestibles
 d - 4 bread rations
 p - 13 fruits
 B - 2 beef jerkies
 F - 6 meat rations
 Q - 5 chunks of flesh
 R - 2 royal jellies


   Skills:
 - Level 5.0 Fighting
 - Level 1.8 Throwing
 - Level 0.1 Armour
 * Level 8.7 Dodging
 + Level 3.4 Stealth
 * Level 7.0 Unarmed Combat
 - Level 5.4 Spellcasting
 - Level 10.4 Transmutations
 * Level 3.6 Poison Magic
 - Level 0.2 Invocations
 - Level 0.2 Evocations


You had 8 spell levels left.
You knew the following spells:

 Your Spells              Type           Power        Failure   Level  Hunger
a - Beastly Appendage     Trmt           #####.       2%          1    None
b - Sticks to Snakes      Trmt           #####.....   3%          2    #......
c - Spider Form           Trmt/Pois      ####......   10%         3    ###....
d - Blade Hands           Trmt           #####.....   21%         5    ######.


Dungeon Overview and Level Annotations

Branches:
Dungeon (9/15)             Temple (1/1) D:4
   Lair: D:8-11         Orc: D:9-12

Altars:
Ashenzari
Cheibriados
Dithmenos
Elyvilon
Fedhas
Gozag
Kikubaaqudgha
Makhleb
Nemelex Xobeh
Okawaru
Qazlal
Ru
Sif Muna
Trog
Vehumet
Xom
Yredelemnul
Zin
The Shining One

Shops:
D:5 [   D:8 %%:%=


Message History

Your +1 pair of boots unmelds from your body.
Your +2 robe unmelds from your body.
The orc priest misses you.
You hit the orc priest but do no damage.
The orc priest is moderately wounded.
The orc priest barely misses you.
You hit the orc priest.
The orc priest is heavily wounded.
The orc priest calls down the wrath of Beogh upon you.
Something smites you!
* * * LOW HITPOINT WARNING * * *
Casting: Spider Form
Confirm with . or Enter, or press ? or * to list all spells.
You turn into a venomous arachnid creature.
Your +2 cloak melds into your body.
Your +1 helmet melds into your body.
Your +0 pair of gloves melds into your body.
Your +1 pair of boots melds into your body.
Your +2 robe melds into your body.
The orc priest invokes the aid of Beogh against you.
Something smites you!
You die...

.............. ..#
.....)....#############..#
..........#..............#
..........#..............#
##........'..............#
#........#..............#
#........#..............###
#........#.....)o|........#
#........#.....s).........#
#........####+#)########..#
##..(.............(...).####..
.....................)).......
....#######+###...............
....#.........#........<......
#####.........#...............
..............#......######...
..............#..(...# ...


You could see an orc priest.

Vanquished Creatures
  A wyvern (D:9)
  A steam dragon (D:8)
  A water moccasin (D:8)
  An orc warrior (D:9)
  A sky beast (D:7)
  An ice beast (D:8)
  A wasp (D:9)
  A necrophage (D:8)
  3 phantoms
  2 centaurs
  2 ogres
  5 giant frogs
  A gnoll sergeant (D:7)
  8 killer bees
  5 wights (D:6)
  4 scorpions
  7 crimson imps
  A giant frog zombie (D:8)
  7 hounds
  6 orc wizards
  Crazy Yiuf (D:7)
  A giant frog skeleton (D:7)
  A quasit (D:8)
  5 orc priests
  2 iguanas
  8 worker ants
  7 adders
  12 gnolls
  2 shadow imps
  An adder zombie (D:8)
  2 oozes (D:2)
  3 worms
  2 adder skeletons
  24 orcs
  2 ball pythons
  4 bats
  9 hobgoblins
  6 jackals
  9 kobolds
  4 quokkas
  9 giant cockroaches
  A giant cockroach zombie (D:5)
  5 giant geckos
  A giant gecko zombie (D:5)
  8 giant newts
  9 goblins
  A quokka skeleton (D:8)
  5 rats
203 creatures vanquished.

Vanquished Creatures (collateral kills)
  An ogre (D:3)
  A jelly (D:6)
  A worm (D:2)
  An orc (D:9)
  A bat (D:3)
5 creatures vanquished.

Grand Total: 208 creatures vanquished

Notes
Turn   | Place    | Note
--------------------------------------------------------------
     0 | D:1      | Genom09 the Merfolk Transmuter began the quest for the Orb.
     0 | D:1      | Reached XP level 1. HP: 15/15 MP: 3/3
   395 | D:1      | Reached XP level 2. HP: 9/21 MP: 3/5
  1084 | D:2      | Reached XP level 3. HP: 26/26 MP: 4/6
  1086 | D:2      | Reached skill level 4 in Unarmed Combat
  1098 | D:2      | Learned a level 2 spell: Sticks to Snakes
  1304 | D:2      | Reached XP level 4. HP: 32/32 MP: 5/7
  1845 | D:3      | Noticed an ogre
  1861 | D:3      | Killed an ogre
  1861 | D:3      | Reached XP level 5. HP: 35/37 MP: 3/8
  1980 | D:3      | Reached skill level 5 in Unarmed Combat
  2444 | D:4      | Noticed a phantom
  2458 | D:4      | Killed a phantom
  2458 | D:4      | Reached XP level 6. HP: 40/43 MP: 7/10
  2492 | D:4      | Reached skill level 5 in Dodging
  2543 | D:4      | Noticed an ogre
  2551 | D:4      | Killed an ogre
  2551 | D:4      | Reached skill level 5 in Transmutations
  2594 | D:4      | Learned a level 3 spell: Spider Form
  2625 | D:4      | Reached XP level 7. HP: 50/50 MP: 7/11
  2669 | D:4      | Noticed a phantom
  2691 | D:4      | Killed a phantom
  2691 | D:4      | Reached skill level 6 in Dodging
  2733 | D:4      | Got an ichor-stained whip
  2734 | D:4      | Identified the +5 whip "Dekhut" {slash, rC+ rN+ Int-3 Stlth+} (You found it on level 4 of the Dungeon)
  2931 | D:4      | Found a staircase to the Ecumenical Temple.
  2941 | Temple   | Entered the Ecumenical Temple
  3119 | Temple   | Became a worshipper of Dithmenos the Shadowed
  3251 | D:5      | Entered Level 5 of the Dungeon
  3694 | D:5      | Reached skill level 7 in Transmutations
  3756 | D:5      | Found a bloodstained altar of Trog.
  3859 | D:5      | Reached XP level 8. HP: 51/58 MP: 10/12
  3870 | D:5      | Found Kuviul Ilisch's Armour Emporium.
  3878 | D:5      | Bought a +2 robe for 165 gold pieces
  4195 | D:6      | Learned a level 5 spell: Blade Hands
  4515 | D:6      | Reached skill level 8 in Transmutations
  4754 | D:6      | Found a deep blue altar of Sif Muna.
  4862 | D:6      | Reached skill level 5 in Fighting
  4862 | D:6      | Reached skill level 9 in Transmutations
  4953 | D:7      | Reached skill level 1 in Poison Magic
  4955 | D:7      | Reached * piety under Dithmenos
  5119 | D:7      | Got a shimmering blowgun
  5120 | D:7      | Identified the +6 blowgun of Lies {evade, rPois} (You found it on level 7 of the Dungeon)
  5232 | D:7      | Found a burning altar of Makhleb.
  5258 | D:7      | Reached XP level 9. HP: 20/68 MP: 12/14
  5504 | D:7      | Reached skill level 10 in Transmutations
  5718 | D:7      | Noticed Crazy Yiuf
  5723 | D:7      | Killed Crazy Yiuf
  5728 | D:7      | Got a crystal mace
  5751 | D:7      | Identified the +6 mace "Kiemerph" {crush, Int-5 Dex+8 Stlth+} (You found it on level 7 of the Dungeon)
  5778 | D:8      | Reached skill level 1 in Stealth
  5796 | D:8      | Reached skill level 5 in Spellcasting
  5800 | D:8      | Reached ** piety under Dithmenos
  5907 | D:8      | Found Igawkoku's Food Shoppe.
  5979 | D:8      | Found Diqutzen's Jewellery Emporium.
  6045 | D:8      | Reached skill level 1 in Throwing
  6165 | D:8      | Found Nihocri's Food Shop.
  6175 | D:8      | Found Zusana's Book Shoppe.
  6211 | D:8      | Found Fireju's Food Shoppe.
  6282 | D:8      | Found a shimmering altar of Xom.
  6286 | D:8      | Found a snail-covered altar of Cheibriados.
  6289 | D:8      | Found a shattered altar of Ashenzari.
  6572 | D:8      | Reached XP level 10. HP: 71/73 MP: 13/18
  6956 | D:9      | Found a blossoming altar of Fedhas.
  7139 | D:9      | Reached *** piety under Dithmenos
  7188 | D:9      | Killed from afar by an orc priest

Action                   |  1- 3 |  4- 6 |  7- 9 | 10-12 || total
-------------------------+-------+-------+-------+-------++-------
Melee: Unarmed           |    92 |   114 |   450 |    77 ||   733
 Cast: Beastly Appendage |    11 |    13 |    15 |       ||    39
       Sticks to Snakes  |     2 |     6 |     9 |     1 ||    18
       Spider Form       |       |     1 |     7 |     7 ||    15
       Blade Hands       |       |       |     5 |     1 ||     6
Invok: Shadow Step       |       |       |     1 |       ||     1
 Abil: End Transformatio |       |       |     1 |       ||     1
Evoke: Wand              |       |       |     1 |     1 ||     2
  Use: Scroll            |       |     1 |     9 |       ||    10
       Potion            |       |       |     2 |       ||     2
 Stab: Sleeping          |     1 |       |     8 |     2 ||    11
       Distracted        |       |     1 |       |       ||     1
  Eat: Chunk             |     2 |     4 |    16 |     3 ||    25
